 Dungeon Crawl Stone Soup version 0.26-a0-652-gafc20e3620 (console) character file.

Game seed: 6520014181440220679

96233 IsvaffelMax the Eclecticist (level 15, 0/90 HPs)
             Began as a Deep Elf Air Elementalist on Oct 2, 2020.
             Was a Plaything of Xom.
             Slain by a salamander
             ... wielding a +0 halberd
              (4 damage)
             ... on level 3 of the Snake Pit on Oct 4, 2020.
             The game lasted 02:31:11 (42173 turns).

IsvaffelMax the Eclecticist (DEAE)                 Turns: 42173, Time: 02:31:12

Health: 0/90       AC: 20    Str:  5    XL:     15   Next: 68%
Magic:  3/37       EV: 19    Int: 29    God:    Xom [....*.]
Gold:   1386       SH:  4    Dex: 18    Spells: 5/46 levels left

rFire    + . .     SeeInvis +   a - staff of air
rCold    + + .     Faith    .   (no shield)
rNeg     . . .     Spirit   .   d - +3 leather armour {rC+}
rPois    +         Reflect  .   L - +0 hat {SInv}
rElec    +         Harm     .   D - +2 cloak {MR+}
rCorr    .         Rampage  .   u - +2 pair of gloves
MR       ++...     Clarity  +   H - +0 pair of boots
Stlth    ++........             C - amulet of magic regeneration
HPRegen  0.25/turn              h - +4 ring of protection
MPRegen  0.50/turn              T - ring "Zitzoj" {rPois rC+ Dex+3 SInv}

@: very slightly contaminated, constricted
A: antennae 2, fangs 1, large bone plates 1, rugged brown scales 1, blurry
vision 1, clarity, clever 1, fire resistance 1, screaming 1, shaggy fur 1,
sturdy frame 1
a: Renounce Religion


You were on level 3 of the Snake Pit.
You worshipped Xom.
You were a beloved toy of Xom.
You visited 6 branches of the dungeon, and saw 29 of its levels.
You also visited: Sewer.

You collected 3106 gold pieces.
You spent 1720 gold pieces at shops.

Inventory:

Hand Weapons
 b - the +5 hand axe of Anguish {speed, rElec rN++ Str-2 Int+4}
   (You found it on level 4 of the Lair of Beasts)

   Attacks with this weapon are significantly faster.
   It affects your strength (-2).
   It affects your intelligence (+4).
   It insulates you from electricity.
   It greatly protects you from negative energy.
Missiles
 f - 69 poisoned darts (quivered)
 B - 10 curare-tipped darts
Armour
 d - a +3 leather armour of cold resistance (worn)
 g - a scarf of shadows
 t - a +1 robe
 u - a +2 pair of gloves (worn)
 D - a +2 cloak of magic resistance (worn)
 H - a +0 pair of boots (worn)
 L - a +0 hat of see invisible (worn)
 Y - a +2 robe of fire resistance
Magical Staves
 a - an uncursed staff of air (weapon)
Jewellery
 e - a +4 ring of evasion
 h - a +4 ring of protection (left hand)
 C - an amulet of magic regeneration (around neck)
 J - an uncursed ring of poison resistance
 Q - an uncursed ring of fire
 S - an uncursed ring of protection from cold
 T - the ring "Zitzoj" (right hand) {rPois rC+ Dex+3 SInv}
   (You bought it in a shop on level 2 of the Shoals)

   [ring of see invisible]

   It affects your dexterity (+3).
   It protects you from cold.
   It protects you from poison.
   It lets you see invisible.
 Z - an uncursed amulet of the acrobat
Wands
 l - a wand of disintegration (11)
 n - a wand of flame (78)
 o - a wand of random effects (73)
 y - a wand of digging (9)
 I - a wand of acid (1)
 N - a wand of paralysis (22)
 R - a wand of polymorph (30)
Scrolls
 c - 3 scrolls of amnesia
 i - 9 scrolls of teleportation
 k - 7 scrolls of magic mapping
 m - 16 scrolls of remove curse
 q - a scroll of silence
 r - 7 scrolls of enchant weapon
 s - 2 scrolls of summoning
 E - 5 scrolls of enchant armour
 F - 9 scrolls of identify
 P - a scroll of blinking
 V - a scroll of brand weapon
 X - a scroll of holy word
Potions
 p - 3 potions of magic
 w - 2 potions of ambrosia
 x - 7 potions of brilliance
 z - 4 potions of stabbing
 A - a potion of flight
 G - 2 potions of cancellation
 K - 3 potions of mutation
 M - 6 potions of curing
 O - 2 potions of haste
 U - 4 potions of heal wounds
 W - a potion of might
Miscellaneous
 j - a box of beasts (3/3)
 v - a phantom mirror


   Skills:
 - Level 8.0 Fighting
 - Level 5.0 Armour
 + Level 12.5 Dodging
 - Level 2.4 Stealth
 - Level 16.0 Spellcasting
 - Level 13.0 Conjurations
 - Level 4.2 Hexes
 - Level 14.1 Summonings
 - Level 4.6 Translocations
   Level 5.0 Ice Magic
 - Level 8.0 Air Magic
 - Level 2.1 Evocations


You had 5 spell levels left.
You knew the following spells:

 Your Spells              Type           Power        Failure   Level
a - Orb of Destruction    Conj           #######...   9%          7
b - Swiftness             Air            #######.     1%          2
c - Shadow Creatures      Summ           N/A          1%          6
e - Spellforged Servitor  Conj/Summ      #######...   8%          7
f - Blink                 Tloc           N/A          1%          2
g - Summon Forest         Summ/Tloc      ######....   1%          5
i - Summon Mana Viper     Hex/Summ       ######..     1%          5
j - Summon Hydra          Summ           #######...   6%          7

Your spell library contained the following spells:

 Spells                   Type           Power        Failure   Level
 Magic Dart               Conj           ####         0%          1
 Summon Small Mammal      Summ           ####         0%          1
 Call Imp                 Summ           #######.     0%          2
 Searing Ray              Conj           ######       0%          2
 Apportation              Tloc           ######       1%          1
 Corona                   Hex            #####..      1%          1
 Freeze                   Ice            ####         1%          1
 Shock                    Conj/Air       ####         1%          1
 Ensorcelled Hibernation  Hex/Ice        #####.       1%          2
 Poisonous Vapours        Pois/Air       ######       1%          2
 Slow                     Hex            #####...     1%          2
 Call Canine Familiar     Summ           #######.     1%          3
 Confusing Touch          Hex            #####...     1%          3
 Conjure Flame            Conj/Fire      ######..     1%          3
 Dazzling Flash           Conj/Hex       ######       1%          3
 Frozen Ramparts          Ice            ######       1%          3
 Lesser Beckoning         Tloc           ######....   1%          3
 Mephitic Cloud           Conj/Pois/Air  #######.     1%          3
 Ozocubu's Armour         Ice            ######..     1%          3
 Static Discharge         Conj/Air       #######.     1%          3
 Stone Arrow              Conj/Erth      ######       1%          3
 Summon Guardian Golem    Hex/Summ       ######..     1%          3
 Tukima's Dance           Hex            #####...     1%          3
 Airstrike                Air            #######...   1%          4
 Fulminant Prism          Conj/Hex       ######....   1%          4
 Hailstorm                Conj/Ice       ######..     1%          4
 Iskenderun's Mystic Bla  Conj/Tloc      ######..     1%          4
 Summon Ice Beast         Ice/Summ       ######..     1%          4
 Summon Lightning Spire   Summ/Air       #######.     1%          4
 Iskenderun's Battlesphe  Conj           #######.     1%          5
 Lightning Bolt           Conj/Air       #######...   1%          5
 Summon Demon             Summ           #######...   1%          5
 Animate Skeleton         Necr           ###...       2%          1
 Beastly Appendage        Tmut           ###...       2%          1
 Pain                     Necr           ###.         2%          1
 Sandblast                Erth           ###...       2%          1
 Passwall                 Tmut/Erth      ###.....     3%          2
 Wereblood                Tmut           ###.....     3%          2
 Spider Form              Tmut/Pois      ###.......   7%          3
 Vampiric Draining        Necr           ###.......   7%          3
 Ice Form                 Ice/Tmut       #####...     8%          4
 Metabolic Englaciation   Hex/Ice        #####.....   10%         5
 Bolt of Magma            Conj/Fire/Erth #####.....   11%         5
 Animate Dead             Necr           ###.......   22%         4
 Petrify                  Tmut/Erth      ###.....     22%         4
 Agony                    Necr           ###.....     52%         5
 Alistair's Intoxication  Tmut/Pois      ###......    52%         5
 Blade Hands              Tmut           ###.......   52%         5
 Borgnjor's Vile Clutch   Necr/Erth      ###.......   52%         5
 Lee's Rapid Deconstruct  Erth           ###.......   52%         5
 Freezing Cloud           Conj/Ice/Air   #######...   10%         6
 Iron Shot                Conj/Erth      ######....   24%         6
 Ozocubu's Refrigeration  Ice            ######....   41%         6
 Invisibility             Hex            #####...     52%         6
 Simulacrum               Ice/Necr       #####.....   77%         6
 Shatter                  Erth           ###.......   100%        9


Dungeon Overview and Level Annotations

Branches:
Dungeon (15/15)            Temple (1/1) D:5            Lair (4/6) D:8
 Shoals (4/4) Lair:3        Snake (3/4) Lair:2          Orc (2/2) D:9
    Elf (0/3) Orc:2        Vaults (0/5) D:13         Depths (0/5) D:15
  Sewer (visited)

Altars:
Ashenzari
Gozag
Kikubaaqudgha
Nemelex Xobeh
Qazlal
Ru
Sif Muna
Trog
Uskayaw
Wu Jian
Xom
Yredelemnul
Zin
Jiyva

Shops:
D:5 *:(   Orc:2 =}:(   Shoals:2 =

Portals:
Trove: D:12 (give +5 ice dragon scales)

Annotations:
D:7 Prince Ribbit
D:15 Roxanne
Lair:4 Nessos
Shoals:1 3 runed translucent doors, Xusifeq's ghost, adept DrMo
Snake:1 2 transporters


Innate Abilities, Weirdness & Mutations

You have a pair of antennae on your head.
You have very sharp teeth.
You are partially covered in large bone plates. (SH +4)
You are partially covered in rugged brown scales. (AC +1, +3% HP)
Scrolls take you a little longer to read.
You possess an exceptional clarity of mind.
Your mind is acute. (Int +2)
Your flesh is heat resistant. (rF+)
You occasionally shout uncontrollably at your foes.
You are covered in fur. (AC +1)
Your movements are slightly less encumbered by armour. (ER -2)


Message History

The salamander mystic hits your five-headed hydra with a +0 quarterstaff.
Your five-headed hydra is engulfed in flames!!
Your five-headed hydra dies!
Your five-headed hydra's corpse disappears in a puff of smoke!
The anaconda grabs you.
The anaconda bites you but does no damage.
* * * LOW HITPOINT WARNING * * *
The anaconda constricts you.
Your dryad hits the naga sharpshooter but does no damage.
The shock serpent bites you but does no damage.
You block the naga mage's attack.
The naga sharpshooter shoots an arrow.
The arrow hits your snaplasher vine!
The salamander hits you but does no damage.
Something grabs the salamander.
Something hits the salamander!
The salamander is constricted.
The salamander hits you from afar with a +0 halberd!!
* * * LOW HITPOINT WARNING * * *
You are engulfed in flames.
You resist.
You die...
Xom bursts into laughter!

.........##
..##..........
..#.♣(.......
..#.(♣....(.
♣..#<.......
♣.........♣.
#...#NN..N.....
.. ♣♣NSSN.♣♣..
#.X@SNNw*..
♣.♣♣N.R....
#....{.)...♣.
♣..#..........
♣. #.....w♣...
# #..(.♣.*...
##.........
#....(....


You could see a naga warrior, a naga sharpshooter, a salamander mystic, 4
salamanders, an anaconda, a nameless horror, a shock serpent, a mana viper, a
naga mage (fast), a friendly dryad (summoned) and 2 friendly snaplasher vines.

Vanquished Creatures
  Gastronok (Lair:2)
  An orc warlord (Orc:2)
  An entropy weaver (D:12)
  Harold (Lair:1)
  2 dancing weapons (D:13)
  2 anacondas (Snake:1)
  A two-headed ogre (D:12)
  Nergalle (Lair:3)
  4 naga sharpshooters
  3 unseen horrors
  Pikel (D:7)
  A deep elf mage (D:12)
  2 mana vipers
  2 salamanders (Snake:2)
  An orc sorcerer (Orc:2)
  4 manticores
  2 cyclopes
  Joseph (D:7)
  5 black mambas
  2 merfolk sirens (Lair:3)
  Maurice (D:8)
  3 centaur skeletons
  A naga mage (Snake:1)
  A kobold demonologist (D:15)
  2 komodo dragons
  7 cane toads
  3 rime drakes
  2 nameless horrors
  A komodo dragon (shapeshifter) (D:14)
  3 trolls
  2 slime creatures (D:11)
  A wind drake (Shoals:1)
  4 blink frogs (Lair:2)
  4 hippogriffs
  A shadow (D:15)
  Sigmund (D:6)
  4 wyverns
  A wyvern (shapeshifter) (D:13)
  21 yaks
  Eustachio (D:6)
  A basilisk (D:15)
  A steam dragon (D:8)
  5 vampire mosquitoes
  Edmund (D:6)
  9 nagas
  Menkaure (D:7)
  2 acid dragons
  4 soldier ants (D:12)
  6 water moccasins
  6 porcupines
  7 ice beasts
  A sky beast (D:6)
  A black bear (D:6)
  A hornet zombie (D:9)
  A necrophage (D:11)
  5 orc warriors
  An eye of draining (D:11)
  3 wolves
  12 ogres
  3 phantoms
  11 crocodiles
  6 centaurs
  A big kobold (D:8)
  16 bullfrogs
  A gnoll sergeant (D:8)
  4 scorpions
  6 killer bees
  5 wights (D:11)
  4 howler monkeys
  3 bullfrog zombies
  4 centaur zombies
  7 hounds
  10 orc priests
  7 jellies
  9 orc wizards
  3 iguanas
  A bullfrog skeleton (D:12)
  17 worker ants
  A hound zombie (D:9)
  A hound skeleton (D:5)
  A howler monkey zombie (D:9)
  A worker ant zombie (D:5)
  7 gnolls
  2 howler monkey skeletons
  6 adders
  2 shadow imps (D:5)
  2 white imps
  2 ufetubi
  6 oozes
  2 adder skeletons
  A worm (D:4)
  5 dart slugs
  8 leopard geckos
  48 orcs
  7 ball pythons
  6 bats
  14 giant cockroaches
  9 goblins
  6 hobgoblins
  15 jackals
  2 quokkas
  8 frilled lizards
  4 jackal skeletons
  10 kobolds
  9 rats
  A snaplasher vine (Orc:2)
474 creatures vanquished.

Vanquished Creatures (collateral kills)
  Vashnia (Snake:2)
  Saint Roka (Orc:2)
  Nikola (Shoals:3)
  Rupert (D:15)
  Agnes (D:15)
  Donald (Shoals:3)
  A nagaraja (Snake:2)
  An orc warlord (Orc:1)
  An ettin (D:15)
  A merfolk javelineer (Shoals:3)
  2 merfolk impalers (Shoals:1)
  An ogre mage (Orc:2)
  Erolcha (Orc:1)
  6 naga warriors
  3 hydras
  2 anacondas
  2 merfolk aquamancers (Shoals:2)
  A merfolk avatar (Shoals:1)
  4 two-headed ogres
  A queen ant (D:12)
  A satyr (Shoals:2)
  3 naga sharpshooters (Snake:2)
  3 orc high priests (Orc:2)
  A hell knight (D:15)
  2 fire crabs (Shoals:3)
  2 salamander mystics (Snake:2)
  13 sea snakes
  A naga ritualist (Snake:1)
  A deep elf archer (D:15)
  An ugly thing (D:13)
  5 orc knights (Orc:2)
  11 harpies
  6 orc sorcerers
  A deep elf mage (D:15)
  3 mana vipers (Snake:1)
  A cyclops (Orc:2)
  6 salamanders (Snake:2)
  11 fauns
  8 merfolk sirens
  3 manticores
  8 nameless horrors
  5 water nymphs
  5 naga magi (Snake:2)
  2 gargoyles
  11 black mambas
  A guardian serpent (Snake:2)
  A kobold demonologist (D:13)
  A rime drake (Lair:3)
  A komodo dragon (Lair:3)
  A guardian mummy (D:12)
  A tengu conjurer (D:15)
  2 wind drakes
  3 trolls
  14 merfolk
  A polar bear (D:13)
  2 hornets (D:10)
  10 slime creatures
  7 snapping turtles
  2 yaks
  3 hippogriffs
  7 water elementals
  A wraith (D:15)
  2 fire bats (Shoals:3)
  A wyvern (D:11)
  A hog (shapeshifter) (Orc:2)
  2 vampire mosquitoes (D:15)
  4 soldier ants (D:12)
  12 nagas
  6 wargs
  A water moccasin (D:10)
  An ice beast (D:10)
  19 orc warriors
  A phantom (D:11)
  4 ogres
  A wolf (D:13)
  A big kobold (D:10)
  A wyvern skeleton (D:15)
  2 killer bees (D:13)
  4 wights (D:14)
  9 orc priests
  A hound (D:10)
  16 orc wizards
  2 centaur skeletons
  10 worker ants
  An adder (D:10)
  37 orcs
  5 kobolds (D:10)
349 creatures vanquished.

Vanquished Creatures (others)
  2 orc priests (Orc:2)
  An orc wizard (Orc:2)
  10 fungi
  101 plants
  17 snaplasher vines
131 creatures vanquished.

Grand Total: 954 creatures vanquished

Notes
Turn   | Place    | Note
-------+----------+-------------------------------------------
     0 | D:1      | IsvaffelMax the Deep Elf Air Elementalist began the quest
                  | for the Orb.
     0 | D:1      | Reached XP level 1. HP: 10/10 MP: 6/6
   431 | D:1      | Reached XP level 2. HP: 15/15 MP: 6/8
   435 | D:1      | Learned a level 2 spell: Swiftness
   525 | D:1      | Reached skill level 4 in Spellcasting
   818 | D:1      | Reached XP level 3. HP: 19/19 MP: 8/10
   905 | D:1      | Learned a level 3 spell: Static Discharge
  1779 | D:2      | Found a shimmering altar of Xom.
  1791 | D:2      | Became a worshipper of Xom the Random
  1837 | D:2      | Found an ancient bone altar of Kikubaaqudgha.
  1928 | D:2      | Reached XP level 4. HP: 20/24 MP: 1/12
  1934 | D:2      | Learned a level 4 spell: Airstrike
  2001 | D:2      | XOM: silly message
  2010 | D:2      | XOM: divination: detect creatures
  2087 | D:2      | XOM is BORED!
  2304 | D:2      | XOM: noise
  2415 | D:2      | Reached XP level 5. HP: 28/28 MP: 6/13
  2462 | D:2      | XOM: scenery: summon butterflies
  2479 | D:2      | XOM: give mutations
  2479 | D:2      | Gained mutation: You possess an exceptional clarity of
                  | mind. [Xom's grace]
  2479 | D:2      | Gained mutation: You are partially covered in large bone
                  | plates. (SH +4) [Xom's grace]
  2660 | D:3      | Found a stormy altar of Qazlal.
  2738 | D:3      | XOM: give mutations
  2738 | D:3      | Gained mutation: Your mind is acute. (Int +2) [Xom's grace]
  2738 | D:3      | Gained mutation: Your mind is very acute. (Int +4) [Xom's
                  | grace]
  2738 | D:3      | Gained mutation: Your flesh is cold resistant. (rC+) [Xom's
                  | grace]
  2797 | D:3      | XOM: noise
  2806 | D:3      | XOM: cloud trail
  3162 | D:3      | XOM: 1-stop teleportation journey
  3247 | D:3      | XOM: 5-stop teleportation journey
  3285 | D:3      | Reached skill level 5 in Spellcasting
  3561 | D:4      | Noticed an ogre
  3568 | D:4      | Killed an ogre
  3568 | D:4      | Reached skill level 6 in Spellcasting
  3568 | D:4      | Reached XP level 6. HP: 32/32 MP: 10/17
  3575 | D:4      | Learned a level 5 spell: Lightning Bolt
  3859 | D:4      | XOM: 5-stop teleportation journey
  4009 | D:4      | XOM: enchant monster (bad)
  4020 | D:4      | Reached skill level 7 in Spellcasting
  4105 | D:4      | XOM: cast spell 'Necromutation'
  4182 | D:4      | Reached XP level 7. HP: 33/36 MP: 11/19
  4263 | D:4      | Found a sparkling altar of Nemelex Xobeh.
  4369 | D:4      | Found a basalt altar of Yredelemnul.
  4471 | D:1      | XOM: stat loss: -1 Int (25/26)
  4486 | D:1      | XOM: give mutations
  4486 | D:1      | Gained mutation: You have a pair of small antennae on your
                  | head. [Xom's grace]
  4486 | D:1      | Gained mutation: You are resistant to hostile enchantments.
                  | (MR+) [Xom's grace]
  4486 | D:1      | Gained mutation: You are covered in fur. (AC +1) [Xom's
                  | grace]
  4486 | D:1      | Gained mutation: You are partially covered in rugged brown
                  | scales. (AC +1, +3% HP) [Xom's grace]
  4562 | D:5      | Entered Level 5 of the Dungeon
  4566 | D:5      | Reached skill level 5 in Air Magic
  4760 | D:5      | Found Ronif's Book Shop.
  4761 | D:5      | Found Giodwos's Assorted Antiques.
  4780 | D:5      | Bought a scroll labeled TAIMPE QATUL for 26 gold pieces
  4780 | D:5      | Bought a scroll labeled IZUKYPH YDYOM for 26 gold pieces
  4819 | D:5      | Found Gunorysk's Antique Weapon Boutique.
  4883 | D:5      | XOM: enchant monster (good)
  4885 | D:5      | XOM: cleaving
  4893 | D:5      | Reached skill level 5 in Conjurations
  5074 | D:5      | Found a glowing drain.
  5078 | Sewer    | Entered a sewer
  5394 | Sewer    | Noticed a shapeshifter
  5394 | Sewer    | a giant cockroach changed into a shapeshifter
  5394 | Sewer    | XOM: polymorph giant cockroach -> shapeshifter
  5394 | Sewer    | Noticed a raiju
  5394 | Sewer    | a shapeshifter changed into a raiju
  5395 | Sewer    | XOM: enchant monster (good)
  5397 | Sewer    | Noticed a cane toad
  5397 | Sewer    | a raiju changed into a cane toad
  5477 | D:5      | Found a shimmering blue altar of Sif Muna.
  5498 | D:5      | Reached skill level 8 in Spellcasting
  5518 | D:5      | XOM: give mutations
  5518 | D:5      | Gained mutation: You are somewhat resistant to further
                  | mutation. [Xom's grace]
  5518 | D:5      | Gained mutation: You have supernaturally acute eyesight.
                  | (SInv) [Xom's grace]
  5518 | D:5      | Gained mutation: You are agile. (Dex +2) [Xom's grace]
  5612 | D:5      | Reached XP level 8. HP: 32/43 MP: 4/22
  5720 | D:5      | XOM: butterfly on damage
  5726 | D:5      | Reached skill level 1 in Fighting
  5919 | D:5      | Found a staircase to the Ecumenical Temple.
  5930 | Temple   | Entered the Ecumenical Temple
  5955 | D:5      | XOM: cloud trail
  5968 | D:5      | XOM: god gift: twisted glowing staff {god gift}
  6148 | D:5      | Found a glowing silver altar of Zin.
  6152 | D:5      | Found an ornate altar of the Wu Jian Council.
  6340 | D:6      | XOM: 1-stop teleportation journey
  6341 | D:6      | Noticed Sigmund
  6341 | D:6      | Noticed Eustachio
  6360 | D:7      | Reached skill level 9 in Spellcasting
  6446 | D:7      | XOM: noise
  6460 | D:7      | Noticed Menkaure
  6601 | D:7      | Killed Menkaure
  6652 | D:7      | XOM: stat loss: -1 Str (4/5)
  6981 | D:6      | XOM: swap monsters
  6989 | D:6      | Reached XP level 9. HP: 44/51 MP: 11/24
  7126 | D:6      | Killed Sigmund
  7251 | D:6      | Reached skill level 1 in Evocations
  7266 | D:6      | XOM: 1-stop teleportation journey
  7420 | D:7      | Identified the +6 ring mail "Patrupp" {Int+4 Dex+6}
  7566 | D:6      | XOM: 6-stop teleportation journey
  7569 | D:6      | XOM: draining
  7570 | D:6      | Noticed Edmund
  7578 | D:6      | Killed Edmund
  7620 | D:6      | Killed Eustachio
  7620 | D:6      | Reached skill level 10 in Spellcasting
  7721 | D:6      | XOM: god gift: scroll labeled VUTZAF ACRO {god gift}
  8183 | D:6      | Reached skill level 11 in Spellcasting
  8249 | D:7      | XOM: enchant monster (good)
  8527 | D:7      | Noticed Pikel
  8534 | D:7      | Killed Pikel
  8576 | D:7      | XOM: summons 4 hostile shadow creatures
  8845 | D:7      | Noticed Prince Ribbit
  8846 | D:7      | XOM: 4-stop teleportation journey
  9117 | D:7      | Reached XP level 10. HP: 57/57 MP: 17/27
  9119 | D:7      | Noticed Joseph
  9458 | D:8      | Found an opulent altar of Gozag.
  9755 | D:8      | Found a bloodstained altar of Trog.
  9901 | D:8      | Found a sacrificial altar of Ru.
  9981 | D:8      | Reached skill level 12 in Spellcasting
  9998 | D:8      | Noticed Maurice
 10002 | D:8      | Killed Maurice
 10112 | D:8      | XOM: silly message
 10138 | D:8      | Found an opulent altar of Gozag.
 10163 | D:7      | Killed Joseph
 10163 | D:7      | Reached skill level 5 in Dodging
 10180 | D:7      | XOM: summons 3 hostile shadow creatures
 10365 | D:5      | Bought a paperback book for 390 gold pieces
 10369 | D:5      | Learned a level 3 spell: Stone Arrow
 10551 | D:8      | XOM: destruction
 10801 | D:8      | Found a staircase to the Lair.
 10898 | D:8      | Found a broken altar of Ashenzari.
 10902 | D:8      | Found a hide-covered altar of Uskayaw.
 11591 | D:9      | XOM: give mutations
 11591 | D:9      | Lost mutation: Your mind is very acute. (Int +4) [Xom's
                  | mischief]
 11591 | D:9      | Lost mutation: You have a pair of small antennae on your
                  | head. [Xom's mischief]
 11591 | D:9      | Lost mutation: Your flesh is cold resistant. (rC+) [Xom's
                  | mischief]
 11591 | D:9      | Lost mutation: You are somewhat resistant to further
                  | mutation. [Xom's mischief]
 11619 | D:9      | XOM: summons 1 hostile demon
 11627 | D:9      | Found a staircase to the Orcish Mines.
 11647 | D:9      | XOM is BORED!
 11647 | D:9      | XOM: swap monsters
 11715 | D:9      | XOM: stat loss: -1 Dex (16/17)
 11850 | D:9      | XOM: 3-stop teleportation journey
 12055 | D:8      | Reached skill level 10 in Conjurations
 12339 | Lair:1   | Entered Level 1 of the Lair of Beasts
 12382 | Lair:1   | Reached XP level 11. HP: 62/62 MP: 24/29
 12572 | Lair:1   | XOM: summons 6 hostile demons
 12602 | Lair:1   | Gained mutation: Armour fits poorly on your strangely
                  | shaped body. [a neqoxec]
 12962 | Lair:1   | Noticed Harold
 12968 | Lair:1   | Killed Harold
 12968 | Lair:1   | Reached skill level 5 in Fighting
 13126 | Lair:1   | XOM: 3-stop teleportation journey
 13511 | Lair:1   | XOM is BORED!
 13690 | Lair:1   | XOM: enchant monster (bad)
 14047 | Lair:2   | Noticed Gastronok
 14354 | Lair:2   | Killed Gastronok
 14367 | Lair:2   | Noticed a five-headed hydra
 14555 | Lair:2   | Reached skill level 10 in Dodging
 14643 | Lair:2   | Learned a level 5 spell: Summon Forest
 14669 | Lair:2   | XOM: divination: detect items
 14767 | Lair:2   | Reached skill level 1 in Summonings
 14835 | Lair:2   | XOM: divination: magic mapping
 14865 | Lair:2   | XOM: silly message
 15134 | Lair:2   | XOM: 4-stop teleportation journey
 15186 | Lair:2   | XOM: 1-stop teleportation journey
 15224 | Lair:2   | Found a staircase to the Snake Pit.
 15270 | Lair:2   | Learned a level 4 spell: Iskenderun's Mystic Blast
 15293 | Lair:2   | XOM: enchant monster (good)
 15296 | Lair:2   | Reached skill level 1 in Translocations
 15342 | Lair:2   | Reached XP level 12. HP: 50/72 MP: 3/30
 15355 | Lair:2   | Learned a level 5 spell: Summon Mana Viper
 15986 | Lair:3   | XOM: silly message
 16027 | Lair:3   | Noticed Nergalle
 16033 | Lair:3   | Killed Nergalle
 16048 | Lair:3   | XOM: silly message
 16137 | Lair:3   | XOM: silly message
 16147 | Lair:3   | Reached skill level 5 in Summonings
 16212 | Lair:3   | XOM: silly message
 16212 | Lair:3   | Reached skill level 1 in Hexes
 16218 | Lair:3   | XOM: silly message
 16220 | Lair:3   | XOM: polymorph dryad -> fire crab
 16268 | Lair:3   | Found a staircase to the Shoals.
 16280 | Lair:3   | XOM: cloud trail
 16288 | Lair:3   | Learned a level 6 spell: Shadow Creatures
 16299 | Lair:3   | XOM: god gift: 64 gold pieces
 16567 | Lair:4   | XOM: 1-stop teleportation journey
 16603 | Lair:4   | Got a transparent hand axe
 16604 | Lair:4   | Identified the +5 hand axe of Anguish {speed, rElec rN++
                  | Str-2 Int+4} (You found it on level 4 of the Lair of
                  | Beasts)
 16691 | Lair:4   | XOM: polymorph wolf -> ooze
 16696 | Lair:4   | Noticed Nessos
 16702 | Lair:4   | XOM: confuse monster(s)
 16713 | Lair:4   | Noticed a death yak
 16720 | Lair:4   | XOM: 1-stop teleportation journey
 16807 | Lair:3   | XOM: divination: magic mapping
 16842 | Lair:3   | XOM: cloud trail
 17039 | Orc:1    | Entered Level 1 of the Orcish Mines
 17191 | Orc:1    | Noticed an orc warlord
 17193 | Orc:1    | Noticed Erolcha
 17199 | Orc:1    | Killed Erolcha
 17202 | Orc:1    | XOM: summons 3 friendly demons
 17299 | D:8      | XOM: scenery: summon butterflies
 17344 | D:8      | XOM: give mutations
 17344 | D:8      | Gained mutation: Your flesh is heat resistant. (rF+) [Xom's
                  | grace]
 17344 | D:8      | Gained mutation: You are somewhat resistant to further
                  | mutation. [Xom's grace]
 17419 | D:10     | Entered Level 10 of the Dungeon
 17487 | D:9      | XOM: give mutations
 17487 | D:9      | Gained mutation: You have a pair of small antennae on your
                  | head. [Xom's grace]
 17487 | D:9      | Gained mutation: You have sharp toenails. [Xom's grace]
 17846 | D:10     | XOM: polymorph centaur -> jelly
 18040 | D:10     | Learned a level 2 spell: Blink
 18335 | D:10     | XOM: noise
 18458 | D:7      | XOM is BORED!
 18560 | D:11     | XOM: noise
 19219 | D:11     | Reached skill level 10 in Summonings
 19261 | D:11     | Noticed a seven-headed hydra
 19269 | D:11     | Killed a seven-headed hydra
 19283 | D:11     | XOM: 2-stop teleportation journey
 20063 | D:11     | XOM: give mutations
 20063 | D:11     | Lost mutation: You have supernaturally acute eyesight.
                  | (SInv) [Xom's mischief]
 20063 | D:11     | Gained mutation: Scrolls take you a little longer to read.
                  | [Xom's mischief]
 20063 | D:11     | Gained mutation: Scrolls take you longer to read. [Xom's
                  | mischief]
 20154 | D:12     | XOM: noise
 20249 | D:12     | XOM: summons 4 hostile demons
 20283 | D:12     | XOM: god gift: blackened glass ring {god gift}
 20364 | D:12     | Reached XP level 13. HP: 76/76 MP: 13/31
 20671 | D:12     | XOM: silly message
 20695 | D:12     | Reached skill level 13 in Spellcasting
 20775 | D:12     | XOM: scenery: summon butterflies
 20812 | D:12     | Found a portal to a secret trove of treasure.
 21594 | D:12     | XOM: give mutations
 21594 | D:12     | Gained mutation: You have very sharp teeth. [Xom's grace]
 21594 | D:12     | Gained mutation: You have a pair of antennae on your head.
                  | [Xom's grace]
 21617 | D:12     | Noticed an entropy weaver
 21643 | D:12     | Noticed an entropy weaver
 21653 | D:12     | XOM: divine lightning
 21874 | D:12     | XOM: god gift: 21 gold pieces
 21896 | D:12     | XOM: god gift: 39 gold pieces
 22164 | D:12     | XOM: scenery: 1 doors open, 1 doors close
 22453 | D:12     | Killed an entropy weaver
 22649 | D:12     | XOM: scenery: 3 doors close
 22840 | D:12     | XOM: cloud trail
 22852 | D:13     | XOM: god gift: robe {god gift}
 23027 | D:13     | Reached skill level 1 in Armour
 23066 | D:13     | Found a gate to the Vaults.
 23211 | D:13     | XOM: god gift: scroll of teleportation
 23233 | D:13     | XOM is BORED!
 23233 | D:13     | XOM: noise
 23468 | D:13     | XOM: confuse monster(s)
 24119 | D:13     | XOM: god gift: wand of digging (3)
 24236 | D:13     | Found a viscous altar of Jiyva.
 24335 | D:14     | XOM: god gift: dagger {god gift}
 24412 | D:14     | Reached skill level 5 in Armour
 24597 | D:14     | XOM: enchant monster (good)
 24608 | D:13     | XOM: god gift: 60 gold pieces
 24995 | D:14     | XOM: give mutation
 24995 | D:14     | Gained mutation: Your spells are a little harder to cast,
                  | but a little more powerful. [Xom's grace]
 25239 | D:14     | XOM: give mutations
 25239 | D:14     | Gained mutation: Your movements are slightly less
                  | encumbered by armour. (ER -2) [Xom's grace]
 25239 | D:14     | Gained mutation: You have razor-sharp toenails. [Xom's
                  | grace]
 25433 | D:15     | Entered Level 15 of the Dungeon
 25440 | D:15     | Noticed Rupert
 25446 | D:15     | Killed Rupert
 25717 | D:15     | Noticed an ettin
 25739 | D:15     | Killed an ettin
 26096 | D:15     | Noticed Agnes
 26105 | D:15     | Killed Agnes
 26193 | D:15     | Reached skill level 14 in Spellcasting
 26256 | D:15     | Noticed Roxanne
 26263 | D:15     | Reached XP level 14. HP: 65/86 MP: 15/34
 26303 | D:14     | Learned a level 7 spell: Summon Hydra
 26338 | D:14     | XOM: god gift: 19 gold pieces
 26646 | D:15     | XOM: god gift: 54 gold pieces
 27149 | D:15     | Found a staircase to the Depths.
 27186 | D:15     | Identified Nifisir's Papyrus of Earth and the Glacier (Xom
                  | gifted it to you on level 15 of the Dungeon)
 27186 | D:15     | XOM: god gift: Nifisir's Papyrus of Earth and the Glacier
 27330 | D:11     | XOM: scenery: create altars
 27461 | Snake:1  | Entered Level 1 of the Snake Pit
 27566 | Snake:1  | Found a sparkling altar of Nemelex Xobeh.
 27718 | Snake:1  | Reached skill level 15 in Spellcasting
 27781 | Snake:1  | XOM is BORED!
 27781 | Snake:1  | XOM: noise
 27863 | Snake:1  | XOM: silly message
 27865 | Snake:1  | XOM: summons 3 friendly demons
 27867 | Snake:1  | XOM: cast spell 'Shadow Creatures'
 28155 | Snake:1  | XOM: confuse monster(s)
 28358 | Snake:1  | XOM: divination: detect items
 28444 | Snake:1  | XOM: noise
 28472 | Snake:1  | XOM: noise
 28493 | Snake:1  | Found a transporter.
 28548 | Snake:1  | XOM: 1-stop teleportation journey
 28841 | Snake:1  | XOM: cloud trail
 28931 | Snake:1  | Found a transporter.
 29328 | Snake:2  | Found a broken altar of Ashenzari.
 29341 | Snake:2  | XOM: noise
 29696 | Snake:2  | Noticed a nagaraja
 29704 | Snake:2  | Killed a nagaraja
 30140 | Snake:2  | Noticed Vashnia
 30154 | Snake:1  | XOM: summons 4 hostile demons
 30277 | Snake:2  | XOM: summons 1 hostile shadow creature
 30278 | Snake:2  | XOM: butterfly on damage
 30347 | Snake:1  | XOM: summons 8 hostile demons
 30842 | Snake:2  | XOM: chaos upgrade
 30897 | Snake:2  | XOM: 3-stop teleportation journey
 30901 | Snake:2  | XOM: summons 14 friendly demons
 31356 | Snake:1  | XOM: give mutation
 31356 | Snake:1  | Lost mutation: Your spells are a little harder to cast, but
                  | a little more powerful. [Xom's mischief]
 31422 | Snake:2  | XOM: potion effect (brilliance)
 31429 | Snake:2  | XOM: divination: detect creatures
 31518 | Snake:2  | Killed Vashnia
 31952 | Shoals:1 | Entered Level 1 of the Shoals
 32068 | Lair:3   | XOM: silly message
 32259 | Shoals:1 | XOM: smoke on damage
 32488 | Shoals:1 | XOM: polymorph cyclops -> fire crab
 32703 | Lair:3   | XOM is BORED!
 32722 | Lair:3   | XOM: give mutation
 32722 | Lair:3   | Lost mutation: You are resistant to hostile enchantments.
                  | (MR+) [Xom's mischief]
 32864 | Shoals:1 | XOM: god gift: 17 stones
 32878 | Shoals:1 | Reached skill level 16 in Spellcasting
 32944 | Shoals:1 | XOM: potion effect (haste)
 33685 | Shoals:1 | Found a runed translucent gate.
 33685 | Shoals:1 | Found a runed translucent gate.
 33685 | Shoals:1 | Found a runed translucent gate.
 33689 | Shoals:1 | Noticed Xusifeq's ghost (adept DrMo)
 33730 | Shoals:1 | Reached XP level 15. HP: 90/90 MP: 21/37
 34204 | Orc:1    | XOM: enchant monster (good)
 34227 | Orc:1    | Killed an orc warlord
 34435 | Orc:1    | XOM: 6-stop teleportation journey
 34743 | Orc:1    | XOM: silly message
 34756 | Orc:2    | Entered Level 2 of the Orcish Mines
 34815 | Orc:2    | Noticed Saint Roka
 35319 | Orc:1    | Learned a level 6 spell: Freezing Cloud
 35321 | Orc:2    | Noticed an orc warlord
 35350 | Orc:2    | Reached skill level 1 in Ice Magic
 35628 | Orc:1    | XOM: noise
 35809 | Orc:1    | XOM: give mutations
 35809 | Orc:1    | Lost mutation: Armour fits poorly on your strangely shaped
                  | body. [Xom's mischief]
 35809 | Orc:1    | Lost mutation: Scrolls take you longer to read. [Xom's
                  | mischief]
 35809 | Orc:1    | Lost mutation: You have razor-sharp toenails. [Xom's
                  | mischief]
 35809 | Orc:1    | Lost mutation: You are somewhat resistant to further
                  | mutation. [Xom's mischief]
 35818 | Orc:2    | XOM: enchant monster (bad)
 35828 | Orc:2    | XOM: confuse monster(s)
 35829 | Orc:2    | Killed an orc warlord
 35836 | Orc:2    | Killed Saint Roka
 36141 | Orc:2    | Found a staircase to the Elven Halls.
 36217 | Orc:2    | XOM: polymorph orc warrior -> glowing shapeshifter
 36354 | Orc:2    | XOM: summons 2 hostile demons
 36398 | Orc:2    | Reached skill level 5 in Ice Magic
 36489 | Orc:2    | XOM: 7-stop teleportation journey
 36543 | Orc:2    | XOM: cloud trail
 36901 | Orc:2    | XOM: repel stairs
 37127 | Orc:2    | Found Exeve's Book Shop.
 37127 | Orc:2    | Found Orgho's Weapon Shoppe.
 37129 | Orc:2    | Found Gacik's Jewellery Shop.
 37129 | Orc:2    | Found Yxoq's Gadget Shoppe.
 37145 | Orc:2    | Bought a book of Power for 765 gold pieces
 37158 | Orc:2    | Learned a level 7 spell: Spellforged Servitor
 37641 | Shoals:2 | XOM: confuse monster(s)
 38156 | Shoals:2 | XOM: stat loss: -1 Str (4/5)
 38214 | Shoals:2 | Learned a level 7 spell: Orb of Destruction
 38296 | Shoals:2 | XOM: polymorph mana viper -> snapping turtle
 38319 | Shoals:2 | Found Acoaf's Jewellery Emporium.
 38888 | Shoals:2 | Bought the ring "Zitzoj" {rPois rC+ Dex+3 SInv} for 513
                  | gold pieces
 38913 | Shoals:2 | XOM: summons 1 hostile demon
 39222 | Shoals:3 | XOM: stat loss: -1 Dex (19/20)
 39306 | Shoals:2 | XOM: 5-stop teleportation journey
 39822 | Shoals:2 | XOM: summons 2 hostile shadow creatures
 40036 | Shoals:3 | XOM: torment (46/90 hp)
 40489 | Shoals:3 | XOM: swap monsters
 40527 | Shoals:2 | XOM: 4-stop teleportation journey
 40740 | Shoals:2 | XOM: give mutations
 40740 | Shoals:2 | Lost mutation: You have sharp toenails. [Xom's mischief]
 40740 | Shoals:2 | Lost mutation: You are agile. (Dex +2) [Xom's mischief]
 40740 | Shoals:2 | Gained mutation: You occasionally shout uncontrollably at
                  | your foes. [Xom's mischief]
 41003 | Shoals:2 | XOM: stat loss: -1 Str (3/5)
 41328 | Shoals:3 | Noticed Nikola
 41439 | Shoals:3 | Noticed Donald
 41446 | Shoals:3 | XOM: divination: detect items
 41464 | Shoals:3 | Killed Donald
 41772 | Shoals:3 | XOM: divination: magic mapping
 41933 | Shoals:3 | Killed Nikola
 42008 | Shoals:4 | Entered Level 4 of the Shoals
 42014 | Shoals:4 | XOM: divination: detect creatures
 42144 | Snake:2  | XOM: god gift: scroll of summoning
 42173 | Snake:3  | HP: 4/90 [salamander/+0 halberd (19)]
 42173 | Snake:3  | Slain by a salamander

Illustrated notes

Levels and vault maps discovered:
D:1:      scummos_arrival_forest, layout_loops_corners
D:2:      layout_loops_ring, kiku_gazebo_pond_becter, xom_teletrap_fun
D:3:      layout_loops_ring, nicolae_qazlal_general_emergency
D:4:      layout_rooms, lemuel_doored_altar, marbit_many_paths
D:5:      layout_rooms, kennysheep_mini, minitemple, temple_hall, serial_shops,
          shop, shop, nicolae_shop_trees, gup_sewer_entry_bowl
D:6:      layout_rooms, st_stairs_6, uniq_eustachio, uniq_edmund, uniq_sigmund
D:7:      layout_loops_ring, uniq_joseph, uniq_pikel, uniq_prince_ribbit1,
          uniq_menkaure
D:8:      layout_rooms, hangedman_ru_absence, minmay_overflow_temple_star_quad,
          overflow_temple_1_default, erik_lair_dragon, basic_altar, uniq_maurice
D:9:      layout_cave_pools, orc_0_dummy
D:10:     layout_cave_pools
D:11:     layout_rooms, corexii_corridor_pit
D:12:     layout_stronghold, nicolae_trove_entry_path_of_doom,
          minmay_another_anthill
D:13:     layout_gridville, erik_vaults_1,
          portal_ice_cave_entry_animals_and_master, jiyva_altar_1
D:14:     layout_roguey
D:15:     hangedman_depths_entry_civil_slaughter, layout_long_grid, uniq_rupert,
          uniq_agnes, uniq_roxanne
Temple:   jpeg_temple_alley_garden
Lair:1:   layout_layer_cave, st_stairs_13, grunt_megastairs_5, uniq_harold
Lair:2:   layout_regular_city, minmay_snake_entry_guardpost_medium,
          serial_bayou_pond_d, beast_lair_carwin_7, uniq_gastronok
Lair:3:   layout_hall_layers, elwin_shoals_entry_stream, gauntlet_entry_generic,
          uniq_nergalle
Lair:4:   layout_hall_layers, grunt_megastairs_4, serial_bayou_shore_b,
          uniq_nessos
Shoals:1: layout_shoals, gammafunk_ghost_tricky_traps
Shoals:2: layout_shoals, nicolae_shoals_c_island
Shoals:3: argonaut_golden_fleece, layout_shoals, hangedman_shoal_volcano,
          uniq_donald, uniq_nikola
Shoals:4: shoals_end_simple, layout_shoals, serial_shops, shop, uniq_polyphemus
Snake:1:  gammafunk_its_a_trap, layout_cave_pods, basic_altar
Snake:2:  layout_grid_shapes, basic_altar, uniq_vashnia
Snake:3:  layout_onion_interference, minmay_shop_grove
Orc:1:    layout_caves, nicolae_volcano_entry_s_turn, uniq_erolcha
Orc:2:    grunt_orc_tribal_feast, layout_diamond_mine, uniq_saint_roka

Skill      XL: |  1  2  3  4  5  6  7  8  9 10 11 12 13 14 15 |
---------------+----------------------------------------------+-----
Spellcasting   | 4 6 7 8 9 11 12 14 16 | 16.0
Air Magic      | 4 5 7 8 |  8.0
Conjurations   | 2 3 4 5 8 9 10 11 13 | 13.0
Fighting       | 3 4 6 8 |  8.0
Evocations     | 2 |  2.1
Dodging        | 7 10 11 12 | 12.5
Summonings     | 3 10 11 14 | 14.1
Translocations | 2 4 |  4.6
Hexes          | 4 |  4.2
Armour         | 5 |  5.0
Ice Magic      | 5 |  5.0
Stealth        | |  2.4

Action                   |  1- 3 |  4- 6 |  7- 9 | 10-12 | 13-15 || total
-------------------------+-------+-------+-------+-------+-------++-------
Melee: Whip              |    12 |    28 |       |       |       ||    40
       Dagger            |       |    22 |    85 |    13 |       ||   120
       Staff             |       |       |    40 |    49 |    59 ||   148
       Hand axe          |       |       |       |    12 |    19 ||    31
       Bite              |       |       |       |       |     7 ||     7
Throw: Dart              |       |    10 |     2 |       |       ||    12
 Cast: Shock             |    71 |    67 |   139 |    30 |       ||   307
       Static Discharge  |     4 |    11 |    19 |     4 |       ||    38
       Swiftness         |       |     1 |       |       |       ||     1
       Airstrike         |       |     1 |    46 |   260 |   249 ||   556
       Lightning Bolt    |       |       |     2 |    57 |    30 ||    89
       Stone Arrow       |       |       |       |     3 |       ||     3
       Iskenderun's Myst |       |       |       |    10 |     4 ||    14
       Summon Mana Viper |       |       |       |    15 |   164 ||   179
       Summon Forest     |       |       |       |    13 |    99 ||   112
       Shadow Creatures  |       |       |       |     2 |   127 ||   129
       Blink             |       |       |       |       |     3 ||     3
       Summon Hydra      |       |       |       |       |   105 ||   105
       Spellforged Servi |       |       |       |       |    38 ||    38
       Orb of Destructio |       |       |       |       |     2 ||     2
       Freezing Cloud    |       |       |       |       |     1 ||     1
Evoke: Wand              |       |       |       |     6 |     2 ||     8
  Use: Scroll            |     2 |     2 |     5 |    23 |    16 ||    48
       Potion            |       |     1 |     3 |       |     5 ||     9
 Stab: Sleeping          |     2 |     1 |     5 |       |       ||     8
       Petrified         |       |       |     8 |       |       ||     8
       Distracted        |       |       |       |     1 |     2 ||     3
Armor: Robe              |    10 |    13 |    40 |    52 |    15 ||   130
       Leather armour    |       |       |       |       |    75 ||    75
Dodge: Dodged            |    17 |    49 |   142 |   183 |   425 ||   816
Block: Other             |       |     8 |    28 |    39 |    72 ||   147

Table legend: (Time is in decaauts)
 A = Elapsed time spent in this place.
 B = Non-inter-level travel time spent in this place.
 C = Inter-level travel time spent in this place.
 D = Time resting spent in this place.
 E = Time spent auto-exploring this place.
 F = Levels seen in this place.
 G = Mean time per level.
                   A        B        C        D        E       F      G
               +--------+--------+--------+--------+--------+-----+--------+
         Total |  42561 |  38687 |   3874 |  16940 |  14760 |  30 | 1418.7 |
       Dungeon |  22716 |  20732 |   1984 |   8312 |   8906 |  15 | 1514.4 |
        Temple |      1 |      1 |      0 |      0 |      0 |   1 |    1.0 |
          Lair |   5170 |   4465 |    705 |   1464 |   2315 |   4 | 1292.5 |
        Shoals |   6672 |   6087 |    585 |   3240 |   1712 |   4 | 1668.0 |
     Snake Pit |   4505 |   4022 |    483 |   2272 |    957 |   3 | 1501.7 |
  Orcish Mines |   3141 |   3026 |    115 |   1482 |    792 |   2 | 1570.5 |
         Sewer |    353 |    353 |      0 |    169 |     77 |   1 |  353.0 |
               +--------+--------+--------+--------+--------+-----+--------+

Top non-repeatable levels by time:
 Snake:1: 3767 daAuts
Shoals:2: 3183 daAuts
    D:12: 2672 daAuts
     D:8: 1995 daAuts
Shoals:1: 1962 daAuts
  Lair:1: 1956 daAuts
    D:13: 1936 daAuts
     D:7: 1784 daAuts
     D:6: 1753 daAuts
    D:15: 1715 daAuts
  Lair:2: 1705 daAuts
   Orc:1: 1588 daAuts
     D:9: 1575 daAuts
   Orc:2: 1553 daAuts
     D:1: 1536 daAuts
